 Dungeon Crawl Stone Soup version 0.28-a0-382-g33c4956463 (webtiles) character file.

Game seed: 11969513246099032068

64 McIrco the Cutter (level 4, -2/43 HPs)
             Began as a Kobold Berserker on Sept 2, 2021.
             Was a Follower of Trog.
             Slain by an orc (3 damage)
             ... on level 2 of the Dungeon.
             The game lasted 00:00:54 (1610 turns).

McIrco the Cutter (Kobold Berserker)                Turns: 1610, Time: 00:00:54

Health: -2/43      AC:  3    Str: 14    XL:     4   Next: 32%
Magic:  4/4        EV: 15    Int:  8    God:    Trog [*.....]
Gold:   96         SH:  0    Dex: 15    Spells: 3/3 levels left

rFire   x . .      SeeInvis .   a - +0 short sword
rCold   + . .      Faith    .   (shield restricted)
rNeg    . . .      Spirit   .   b - +0 animal skin
rPois   .          Reflect  .   (no helmet)
rElec   .          Harm     .   i - +0 cloak
rCorr   .          Rampage  .   (no gloves)
Will    .....                   (no boots)
Stlth   ..........              (no amulet)
HPRegen 0.14/turn               f - ring of ice
MPRegen 0.09/turn               (no ring)

@: berserking, very quick
A: small, no large weapons, nightstalker 3
a: Renounce Religion, Berserk


You were on level 2 of the Dungeon.
You worshipped Trog.
Trog was aware of your devotion.
You visited 1 branch of the dungeon, and saw 2 of its levels.

You collected 96 gold pieces.

Inventory:

Hand Weapons
 a - a +0 short sword (weapon)
Armour
 b - a +0 animal skin (worn)
 i - a +0 cloak (worn)
Jewellery
 f - a ring of ice (left hand)
Wands
 l - a wand of digging (2)
 m - a wand of paralysis (7)
Scrolls
 d - a scroll of magic mapping {unknown}
 g - a scroll of vulnerability {unknown}
 j - a scroll of holy word {unknown}
 k - a scroll of identify {unknown}
Potions
 c - a potion of curing {unknown}
 e - a potion of might {unknown}
 h - a potion of flight {unknown}


   Skills:
 + Level 3.8 Fighting
 + Level 5.1 Short Blades
 + Level 1.7 Armour
 + Level 2.7 Dodging
 + Level 2.4 Stealth


You had 3 spell levels left.
You didn't know any spells.
Your spell library was empty.

Dungeon Overview and Level Annotations

Branches:
Dungeon (2/15)

Altars:


Innate Abilities, Weirdness & Mutations

You are small and have problems with some larger weapons.
You are completely attuned to the shadows.


Message History

There is an empty arch of ancient stone here.
An orc priest comes into view. It is wielding a +0 war axe.
An orc priest is nearby!
An orc priest is nearby!
An orc priest is nearby!
An orc and an orc priest come into view.
The orc priest shouts!
The orc shouts!
The orc priest looks braver for a moment.
You barely miss the orc priest. The orc priest barely misses you.
You hit the orc priest but do no damage.
The orc priest calls down the wrath of Beogh upon you.
Beogh smites you!
The orc priest hits you with a +0 war axe.
You are too injured to fight recklessly!
You are too injured to fight recklessly!
You are too injured to fight recklessly!
A red film seems to cover your vision as you go berserk!
You feel yourself moving faster!
You feel mighty!
The orc priest hits you with a +0 war axe.
The orc misses you.
You closely miss the orc priest. You puncture the orc priest!
The orc priest is almost dead.
The orc misses you. The orc priest misses you.
You puncture the orc priest!
You kill the orc priest!
Trog accepts your kill.
The orc priest calls down the wrath of Beogh upon you.
Beogh smites you!
* * * LOW HITPOINT WARNING * * *
Your Short Blades skill increases to level 5!
Your Stealth skill increases to level 2!
You have reached level 4!
Unknown command.
You barely miss the orc priest. The orc hits you with a +0 flail.
* * * LOW HITPOINT WARNING * * *
You hit the orc priest.
The orc priest is lightly wounded.
The orc priest barely misses you. The orc hits you with a +0 flail.
You die...

#.......####.# #.....#...##.#
##...##...##.# ######...##.#
...........##.#
#..........##.######
...........##......##
...)o......##..###..#
#.#.#..o@.∩..∩..♣..∩....# #..
#...................# ##.#
#...................#
#####..########8..∩..8..♣..∩[#
#...#....# #..............#
#.....##.# #..............# #
#...####.# #_..∩..♣..♣..8## #
#...# #.# #.............# #
#...# #.# #.............#


You could see an orc priest and an orc.

Vanquished Creatures
  An orc priest (D:2)
  An adder (D:2)
  2 dart slugs
  4 bats
  A bat skeleton (D:2)
  An endoplasm (D:1)
  2 goblins (D:1)
  3 hobgoblins (D:1)
  A quokka (D:1)
  2 frilled lizards
  A giant cockroach zombie (D:2)
  3 kobolds (D:1)
  A rat (D:1)
23 creatures vanquished.

Notes
Turn   | Place    | Note
-------+----------+-------------------------------------------
     0 | D:1      | McIrco the Kobold Berserker began the quest for the Orb.
     0 | D:1      | Reached XP level 1. HP: 14/14 MP: 1/1
   559 | D:1      | Reached XP level 2. HP: 19/19 MP: 2/2
   782 | D:1      | Reached skill level 1 in Stealth
  1299 | D:2      | Reached XP level 3. HP: 21/23 MP: 3/3
  1477 | D:2      | Found a faded altar of an unknown god.
  1609 | D:2      | Reached skill level 5 in Short Blades
  1609 | D:2      | Reached XP level 4. HP: 2/29 MP: 4/4
  1609 | D:2      | HP: 1/43 [orc (1)]
  1610 | D:2      | Slain by an orc

Illustrated notes

Levels and vault maps discovered:
D:1:      dpeg_arrival_three_same_balls, layout_basic, minmay_close_crescents
D:2:      layout_rooms, serial_undead, serial_undead_e, serial_undead_f,
          serial_undead_a, serial_undead_b,
          hellmonk_ecumenical_altar_arch_garden, grunt_decor_resistance,
          minmay_misc_feat_enclosed, minmay_pentomino_pile

Skill      XL: |  1  2  3 |
---------------+----------+-----
Stealth        | 1 2 |  2.4
Short Blades   | 5 |  5.1
Fighting       | |  3.8
Armour         | |  1.7
Dodging        | |  2.7

Action                   |  1- 3 |  4- 6 || total
-------------------------+-------+-------++-------
Melee: Short sword       |    82 |     2 ||    84
Invok: Berserk           |     1 |       ||     1
 Stab: Sleeping          |     6 |       ||     6
Armor: Animal skin       |    15 |       ||    15
Dodge: Dodged            |    61 |     1 ||    62

Table legend: (Time is in decaauts)
 A = Elapsed time spent in this place.
 B = Non-inter-level travel time spent in this place.
 C = Inter-level travel time spent in this place.
 D = Time resting spent in this place.
 E = Time spent auto-exploring this place.
 F = Levels seen in this place.
 G = Mean time per level.
                   A        B        C        D        E       F      G
               +--------+--------+--------+--------+--------+-----+--------+
         Total |   1598 |   1543 |     55 |    187 |   1186 |   2 |  799.0 |
       Dungeon |   1598 |   1543 |     55 |    187 |   1186 |   2 |  799.0 |
               +--------+--------+--------+--------+--------+-----+--------+

Top non-repeatable levels by time:
     D:1: 1284 daAuts
     D:2: 313 daAuts
